 Dungeon Crawl Stone Soup version 0.31-a0-626-g8143ab4f1d (webtiles) character file.

Game seed: 12732863375435380740

76932 Dittersdorf the Tortoise (level 15, -1/103 HPs)
             Began as a Gargoyle Fighter on Aug 24, 2023.
             Was an Initiate of Gozag.
             Slain by an orc warrior
             ... wielding a +0 trident
              (6 damage)
             ... on level 2 of the Orcish Mines.
             The game lasted 00:35:42 (19351 turns).

Dittersdorf the Tortoise (Gargoyle Fighter)        Turns: 19351, Time: 00:35:43

Health: -1/103     AC: 32    Str: 28    XL:     15   Next: 55%
Magic:  15/15      EV:  9    Int: 11    God:    Gozag
Gold:   4889       SH:  8    Dex: 11    Spells: 12/14 levels left

rFire   + + .        g - +3 morningstar "Maecaesk" {flame, rN+ Str+3 Dex+2}
rCold   + . .        c - +1 buckler
rNeg    + + .        y - +2 chain mail {Will+}
rPois   ∞            h - +1 helmet
rElec   +            J - scarf {rC+ rF+}
rCorr   +            I - +0 pair of gloves
SInv    .            B - +0 pair of boots
Will    ++...        v - amulet of regeneration Stlth
                     q - ring of protection from fire
HPRegen 1.17/turn    E - ring of Migiesyi {Wiz rCorr}
MPRegen 0.14/turn

%: wizardry (x1)
@: gold aura, flying, studying Dodging
A: sickness immunity, AC +11, big wings, negative energy resistance 1,
electricity resistance, torment resistance 1, petrification resistance
a: Renounce Religion, Potion Petition, Call Merchant, Bribe Branch


You were on level 2 of the Orcish Mines.
You worshipped Gozag.
Gozag was most pleased with you.
You visited 3 branches of the dungeon, and saw 18 of its levels.
You visited the Abyss 1 time.
You also visited: Bailey.

You collected 6212 gold pieces.
You spent 1035 gold pieces at shops.
You paid 288 gold pieces to Gozag.

Inventory:

Hand Weapons
 g - the +3 morningstar "Maecaesk" (weapon) {flame, rN+ Str+3 Dex+2}
   (You bought it in a shop on level 9 of the Dungeon)

   Str+3:     It affects your strength (+3).
   Dex+2:     It affects your dexterity (+2).
   rN+:       It protects you from negative energy.
Missiles
 w - 4 throwing nets
 C - 3 curare-tipped darts (quivered)
Armour
 c - a +1 buckler (worn)
 h - a +1 helmet (worn)
 y - a +2 chain mail of willpower (worn)
 B - a +0 pair of boots (worn)
 I - a +0 pair of gloves (worn)
 J - a scarf of resistance (worn)
Jewellery
 q - a ring of protection from fire (left hand)
 s - a ring of see invisible
 v - an amulet of regeneration (around neck)
 E - the ring of Migiesyi (right hand) {Wiz rCorr}
   (You bought it in a shop on level 11 of the Dungeon)

   [ring of wizardry]

   Wiz:       It improves your spell success rate.
   rCorr:     It protects you from acid and corrosion.
Wands
 j - a wand of iceblast (3)
 u - a wand of quicksilver (14)
Scrolls
 b - 8 scrolls of teleportation
 d - 2 scrolls of blinking
 f - a scroll of brand weapon
 k - 3 scrolls of identify
 o - 2 scrolls of fog
 r - 5 scrolls of enchant weapon
 t - 4 scrolls of summoning
 x - 2 scrolls of enchant armour
 A - a scroll of poison
 D - 3 scrolls of fear
 G - a scroll of silence
Potions
 a - 3 potions of magic
 e - a potion of resistance
 i - 2 potions of invisibility
 l - 5 potions of enlightenment
 m - 3 potions of brilliance
 n - a potion of haste
 p - 2 potions of mutation
 z - 3 potions of heal wounds
 F - a potion of cancellation
 H - a potion of curing


   Skills:
 + Level 15.3 Fighting
 + Level 13.9 Maces & Flails
 + Level 15.3 Armour
 + Level 15.3 Shields


You had 12 spell levels left.
You knew the following spells:

 Your Spells              Type           Power      Damage    Failure   Level
a - Passwall              Tmut/Erth      0%         N/A       52%         2

Your spell library contained the following spells:

 Spells                   Type           Power      Damage    Failure   Level
 Freeze                   Ice            0%         1d3       41%         1
 Sandblast                Erth           0%         2d4       41%         1
 Ensorcelled Hibernation  Hex/Ice        0%         N/A       52%         2
 Frozen Ramparts          Ice            0%         1d1       77%         3
 Hailstorm                Conj/Ice       0%         3d3       77%         3
 Ozocubu's Armour         Ice            0%         N/A       77%         3
 Stone Arrow              Conj/Erth      0%         3d7       77%         3
 Swiftness                Air            0%         N/A       77%         3
 Dispel Undead            Necr           0%         3d6       98%         4
 Petrify                  Tmut/Erth      0%         N/A       98%         4
 Fireball                 Conj/Fire      0%         3d3       100%        5
 Irradiate                Conj/Tmut      0%         3d11      100%        5
 Iskenderun's Battlesphe  Conj           0%         2d6       100%        5
 Conjure Ball Lightning   Conj/Air       0%         3x3d6     100%        6
 Death Channel            Necr           0%         N/A       100%        6
 Orb of Destruction       Conj           0%         9d5       100%        7
 Ozocubu's Refrigeration  Ice            0%         4d7       100%        7
 Cigotuvi's Dreadful Rot  Necr/Pois/Air  Unusable   N/A       N/A         2
 Sublimation of Blood     Necr           Unusable   N/A       N/A         2

Dungeon Overview and Level Annotations

Branches:
Dungeon (11/15)            Temple (0/1) D:5            Lair (5/5) D:11
 Shoals (0/4) Lair:3        Snake (0/4) Lair:2        Slime (0/5) Lair:5
    Orc (2/2) D:9             Elf (0/3) Orc:2        Bailey (visited)

Altars:
Ashenzari
Cheibriados
Dithmenos
Elyvilon
Fedhas
Gozag
Hepliaklqana
Trog
Uskayaw
Vehumet
Xom
Yredelemnul
The Shining One
Jiyva
Lugonu

Shops:
D:2 ?   D:9 (   D:11 =

Portals:
Abyss: Lair:5
Trove: D:11 (give 5 scrolls of fog)


Innate Abilities, Weirdness & Mutations

You are immune to sickness and miasma.
Your stone body is resilient. (AC +11)
You are immune to poison.
Your large and strong wings let you fly.
You resist negative energy. (rN+)
You are resistant to electric shocks. (rElec)
You are resistant to unholy torment.
You are immune to petrification.


Message History

The orc warrior hits you with a +0 trident.
The orc warrior shouts!
You closely miss the orc warrior.
The orc warrior is no longer distracted by gold.
You hear a shout!
The orc warrior hits you from afar with a +0 halberd.
The orc warrior hits you with a +0 flail!
An orc comes into view. It is wielding a +0 whip.
You block the orc's attack. The orc hits you but does no damage.
You block the orc warrior's attack.
The orc warlord roars a battlecry!
The orc goes into a battle-frenzy!
The orc barely misses you. The orc hits you but does no damage.
The orc warrior misses you.
You closely miss the orc warrior.
The orc warrior hits you but does no damage.
You block the orc warrior's attack.
The orc is distracted by your dazzling golden aura.
The orc warrior barely misses you. The orc closely misses you.
The orc hits you with a +0 whip. The orc hits you but does no damage. x2
The orc warrior hits you but does no damage.
The orc shouts!
You impale the orc warrior!! You burn the orc warrior.
The orc warrior is severely wounded.
The orc warrior hits you from afar with a +0 halberd!
* * * LOW HITPOINT WARNING * * *
The orc warrior hits you with a +0 dire flail!
* * * LOW HITPOINT WARNING * * *
The orc closely misses you. The orc hits you but does no damage.
The orc warrior hits you with a +0 flail!
* * * LOW HITPOINT WARNING * * *
The orc misses you.
The orc warrior hits you with a +0 glaive.
* * * LOW HITPOINT WARNING * * *
The orc hits you but does no damage.
You hit the orc warrior. You burn the orc warrior.
The orc warrior is almost dead.
The orc warrior hits you with a +0 trident.
You die...
Your body crumbles into a pile of gold.

.............#.
...............
..............$
............#
............
#.Oo.......
#oooo......
#.o@o.o.o..
.....#ooo...o..
........>.......
................
....$...........
.............<..
................
.....#♣.........
..... ........#.


You could see an orc warlord, 5 orc warriors, an ogre and 7 orcs.

Vanquished Creatures
  2 acid blobs (Lair:5)
  Gastronok (D:10)
  The ghost of Begoar the Fighter, a journeyman HuMo of Wu Jian (Lair:5)
  A minotaur (Lair:5)
  5 hydras
  Erolcha (D:9)
  3 catoblepae
  2 boulder beetles
  19 death yaks
  2 thrashing horrors (Lair:5)
  2 orc high priests (Bailey)
  Sonja (D:10)
  3 skysharks
  Amaemon (D:10)
  A wizard (D:8)
  An orc sorcerer (Orc:2)
  A manticore (Lair:3)
  5 ugly things (Lair:5)
  A cyclops (D:11)
  14 elephants
  A salamander (Lair:2)
  6 black mambas
  Maggie (D:10)
  2 torpor snails
  An orange demon (D:10)
  7 cane toads
  4 smoke demons (Lair:5)
  2 kobold demonologists (D:9)
  6 rime drakes
  10 komodo dragons
  4 unseen horror zombies (D:8)
  A troll (Orc:2)
  A wind drake (Lair:3)
  A polar bear (shapeshifter) (Lair:5)
  4 polar bears
  23 blink frogs
  A raiju (Lair:5)
  16 dream sheep
  A vampire (D:10)
  41 yaks
  The ghost of MrSquiggles the Poker, an amateur NaGl (D:5)
  2 large abominations (Lair:5)
  A spriggan (Lair:5)
  7 wyverns
  A ynoxinul (Lair:5)
  A chaos spawn (Lair:5)
  A wraith (D:11)
  Grum (D:8)
  6 basilisks
  10 small abominations (Lair:5)
  2 steam dragons
  A warg (Orc:1)
  2 nagas (Lair:2)
  18 water moccasins
  2 sky beasts
  15 orc warriors
  5 black bears
  16 wolves
  3 ogres
  2 centaurs
  6 kobold brigands
  Blork the orc (D:4)
  13 bullfrogs
  3 gnoll sergeants (D:8)
  3 scorpions
  8 wights
  17 killer bees
  A howler monkey (D:4)
  5 electric eels (Bailey)
  A centaur zombie (D:8)
  5 jellies
  2 gnoll boudas
  3 hounds
  2 orc priests
  Terence (D:2)
  14 orc wizards
  4 sleepcaps
  4 iguanas (D:5)
  3 howler monkey zombies (D:8)
  7 adders
  22 gnolls
  A shadow imp (D:6)
  2 white imps (D:5)
  5 worms
  2 dart slugs
  52 orcs
  6 bats
  5 endoplasms
  2 giant cockroaches
  15 goblins
  7 hobgoblins
  4 jackals
  3 quokkas
  2 ball pythons
  2 frilled lizards (D:3)
  19 kobolds
  6 rats
555 creatures vanquished.

Vanquished Creatures (collateral kills)
  An ogre (D:6)
1 creature vanquished.

Vanquished Creatures (others)
  An orc (Orc:2)
  A goblin (Bailey)
2 creatures vanquished.

Grand Total: 558 creatures vanquished

Notes
Turn   | Place    | Note
-------+----------+-------------------------------------------
     0 | D:1      | Dittersdorf the Gargoyle Fighter began the quest for the
                  | Orb.
     0 | D:1      | Reached XP level 1. HP: 14/14 MP: 1/1
   150 | D:1      | Reached XP level 2. HP: 19/19 MP: 2/2
   189 | D:1      | You fall into a shaft and drop 1 floor!
   867 | D:2      | Noticed Terence
   894 | D:2      | Killed Terence
   895 | D:2      | Reached XP level 3. HP: 24/24 MP: 3/3
   970 | D:2      | Reached XP level 4. HP: 29/29 MP: 4/4
  1094 | D:2      | Found Xiafucyrch's Magic Scroll Emporium.
  1408 | D:3      | Found an opulent altar of Gozag.
  1437 | D:3      | Found a snail-covered altar of Cheibriados.
  1447 | D:3      | Became a worshipper of Gozag Ym Sagoz the Greedy
  1684 | D:3      | Reached XP level 5. HP: 18/33 MP: 5/5
  1815 | D:3      | Learned a level 2 spell: Passwall
  2278 | D:4      | Noticed Blork the orc
  2288 | D:4      | Killed Blork the orc
  2393 | D:4      | Reached XP level 6. HP: 37/39 MP: 6/6
  3055 | D:4      | Reached skill level 5 in Fighting
  3055 | D:4      | Reached skill level 5 in Armour
  3059 | D:4      | Reached skill level 5 in Shields
  3059 | D:4      | Reached XP level 7. HP: 43/44 MP: 7/7
  3236 | D:5      | Entered Level 5 of the Dungeon
  3277 | D:5      | Found a staircase to the Ecumenical Temple.
  3928 | D:5      | Reached XP level 8. HP: 45/51 MP: 8/8
  4238 | D:5      | Found a runed translucent gate.
  4238 | D:5      | Found an opulent altar of Gozag.
  4239 | D:5      | Found a runed translucent gate.
  4240 | D:5      | Found a runed translucent gate.
  4242 | D:5      | Noticed MrSquiggles's ghost (amateur NaGl)
  4394 | D:5      | Reached skill level 5 in Maces & Flails
  4908 | D:5      | Killed MrSquiggles's ghost
  5456 | D:6      | Reached XP level 9. HP: 52/56 MP: 9/9
  5570 | D:6      | Found a broken altar of Ashenzari.
  5571 | D:6      | Found a radiant altar of Vehumet.
  5598 | D:6      | Found a hazy altar of Hepliaklqana.
  5807 | D:6      | Found a blossoming altar of Fedhas.
  6359 | D:7      | Identified the +5 sling "Axom Fuu" {freeze, Str+3}
  7046 | D:8      | Noticed a wizard
  7085 | D:8      | Found a flagged portal.
  7106 | Bailey   | Entered a bailey
  7299 | Bailey   | Reached XP level 10. HP: 35/64 MP: 10/10
  7392 | Bailey   | Noticed an orc high priest
  7406 | Bailey   | Killed an orc high priest
  7465 | Bailey   | Acquired a manual of Dodging
  7692 | Bailey   | Found an iron altar of Okawaru.
  7692 | Bailey   | Noticed an orc high priest
  7732 | Bailey   | Noticed a rust devil
  7750 | Bailey   | Killed an orc high priest
  7967 | D:8      | Found a shadowy altar of Dithmenos.
  8055 | D:8      | Found a basalt altar of Yredelemnul.
  8387 | D:8      | Noticed Grum
  8396 | D:8      | Killed Grum
  8569 | Abyss:2  | Found a corrupted altar of Lugonu.
  8569 | Abyss:2  | Cast into level 2 of the Abyss (a wizard)
  8572 | Abyss:2  | Found a corrupted altar of Lugonu.
  8589 | Abyss:2  | Noticed a wretched star
  8592 | D:8      | Escaped the Abyss
  8597 | D:8      | Killed a wizard
  8598 | D:8      | Reached XP level 11. HP: 71/71 MP: 11/11
  9045 | D:9      | Reached skill level 10 in Fighting
  9045 | D:9      | Reached skill level 10 in Armour
  9045 | D:9      | Reached skill level 10 in Shields
  9111 | D:9      | Found a bloodstained altar of Trog.
  9162 | D:9      | Found a white marble altar of Elyvilon.
  9174 | D:9      | Found a hide-covered altar of Uskayaw.
  9174 | D:9      | Noticed Erolcha
  9198 | D:9      | Killed Erolcha
  9391 | D:9      | Found a staircase to the Orcish Mines.
  9391 | D:9      | Found Hoggicha's Weapon Shoppe.
  9450 | D:9      | Bought the +3 morningstar "Maecaesk" {flame, rN+ Str+3
                  | Dex+2} for 482 gold pieces
  9534 | D:9      | Found a glowing golden altar of the Shining One.
  9710 | D:10     | Entered Level 10 of the Dungeon
  9741 | D:10     | Noticed Gastronok
  9752 | D:10     | Killed Gastronok
  9984 | D:10     | Noticed Amaemon
  9989 | D:10     | Noticed Sonja
  9995 | D:10     | Killed Amaemon
  9998 | D:10     | Noticed Maggie
 10012 | D:10     | Killed Maggie
 10028 | D:10     | Killed Sonja
 10035 | D:10     | Reached XP level 12. HP: 41/79 MP: 12/12
 10235 | D:10     | Found a shimmering altar of Xom.
 10541 | D:11     | Reached skill level 10 in Maces & Flails
 10716 | D:11     | Found a staircase to the Lair.
 10784 | D:11     | Noticed a boulder beetle
 10816 | D:11     | Killed a boulder beetle
 10937 | D:11     | Found a portal to a secret trove of treasure.
 11010 | D:11     | Found Deireug's Jewellery Emporium.
 11019 | D:11     | Bought the ring of Migiesyi {Wiz rCorr} for 553 gold pieces
 11223 | Lair:1   | Entered Level 1 of the Lair of Beasts
 11651 | Lair:1   | Noticed a death yak
 11651 | Lair:1   | Noticed a death yak
 11652 | Lair:1   | Noticed a death yak
 11668 | Lair:1   | Noticed a death yak
 11671 | Lair:1   | Killed a death yak
 11671 | Lair:1   | Noticed a death yak
 11677 | Lair:1   | Noticed a death yak
 11703 | Lair:1   | Killed a death yak
 11721 | Lair:1   | Killed a death yak
 11732 | Lair:1   | Killed a death yak
 11746 | Lair:1   | Killed a death yak
 11750 | Lair:1   | Killed a death yak
 11751 | Lair:1   | Reached XP level 13. HP: 19/86 MP: 13/13
 12726 | Lair:2   | Found a staircase to the Snake Pit.
 13629 | Lair:3   | Found a staircase to the Shoals.
 14086 | Lair:3   | Gained mutation: Your large and strong wings let you fly.
                  | [Gargoyle growth]
 14086 | Lair:3   | Reached XP level 14. HP: 69/94 MP: 14/14
 15889 | Lair:5   | Entered Level 5 of the Lair of Beasts
 15968 | Lair:5   | Found a runed translucent gate.
 15968 | Lair:5   | Found a runed translucent gate.
 15968 | Lair:5   | Found a runed translucent gate.
 15974 | Lair:5   | Noticed Begoar's ghost (journeyman HuMo)
 16458 | Lair:5   | Found a runed translucent door.
 16459 | Lair:5   | Found a viscous altar of Jiyva.
 16459 | Lair:5   | Noticed an acid blob
 16460 | Lair:5   | Noticed an acid blob
 16463 | Lair:5   | Found a staircase to the Slime Pits.
 16608 | Lair:5   | Reached XP level 15. HP: 101/101 MP: 15/15
 18178 | Lair:5   | Reached skill level 15 in Armour
 18224 | Lair:5   | Reached skill level 15 in Fighting
 18253 | Lair:5   | Reached skill level 15 in Shields
 18362 | Lair:5   | Found a corrupted altar of Lugonu.
 18362 | Lair:5   | Found a one-way gate to the infinite horrors of the Abyss.
 18591 | Lair:5   | Killed Begoar's ghost
 18753 | Lair:5   | Killed an acid blob
 18763 | Lair:5   | Killed an acid blob
 18765 | Lair:5   | HP: 2/103 [komodo dragon (21)]
 19029 | Orc:1    | Entered Level 1 of the Orcish Mines
 19285 | Orc:2    | Entered Level 2 of the Orcish Mines
 19285 | Orc:2    | Found a staircase to the Elven Halls.
 19324 | Orc:2    | Noticed an orc warlord
 19350 | Orc:2    | HP: 4/103 [orc warrior/+0 glaive[an orc warlord] (3)]
 19351 | Orc:2    | Slain by an orc warrior

Illustrated notes

Levels and vault maps discovered:
D:1:      eino_arrival_water_star, layout_basic, serial_bayou_lagoon_a
D:2:      layout_basic, serial_shops, shop, uniq_terence
D:3:      layout_basic, slow_altar_2, nicolae_gozag_seed_capital,
          serial_corexii_hall, corexii_hall_statues_deadend,
          chequers_hall_statues_corner_a
D:4:      layout_loops_corners, uniq_blork_the_orc
D:5:      layout_loops_cross, minmay_temple_entry_slanted, ebering_ghost_gozag,
          chequers_big_river, hellmonk_no_cap
D:6:      layout_gridville, mainiacjoe_overflow_small_starburst,
          mainiacjoe_overflow_cross_hatched, kennysheep_mini,
          lemuel_crystal_altar
D:7:      layout_gridville
D:8:      cheibrodos_wizards_tower, layout_basic, mainiacjoe_overflow_alcove_2,
          nicolae_yredelemnul_corpse_copse, enter_bailey_3,
          nicolae_kite_square_tiling_tiny, nicolae_grassy_gnolls, uniq_grum
D:9:      layout_irregular_city, tso_oasis_becter,
          mainiacjoe_overflow_surrounded_room, mainiacjoe_overflow_chevrons,
          mainiacjoe_overflow_paths, orc_david_3, uniq_erolcha
D:10:     layout_rooms, nicolae_overflow_crystal_walls, uniq_maggie,
          uniq_gastronok, uniq_amaemon, uniq_sonja
D:11:     layout_roguey, minmay_lair_entry_grove, nicolae_trove_entry_isolated,
          serial_shops, shop, grunt_ministairs_6
Lair:1:   layout_chaotic_city, st_stairs_7, lemuel_fruit_tree
Lair:2:   layout_cellular_growth, alex1729_snake_entry_snake
Lair:3:   layout_roguey, minmay_shoals_entry_beasts
Lair:4:   layout_hall_layers
Lair:5:   hellmonk_lair_end_abyssal_woods, layout_hall_layers, slime_entry_2,
          maelrawn_ghost_gauntlet_escape, lemuel_fruit_fields
Orc:1:    layout_diamond_mine
Orc:2:    st_orc_elflike, layout_caves, serial_shops,
          nicolae_shop_pleasant_corner_grove, enter_volcano_2

Skill      XL: |  1  2  3  4  5  6  7  8  9 10 11 12 13 14 15 |
---------------+----------------------------------------------+-----
Fighting       | 4 5 6 8 9 10 12 13 14 15 | 15.3
Armour         | 4 5 7 8 9 10 12 13 14 15 | 15.3
Shields        | 4 5 6 8 9 10 12 13 14 15 | 15.3
Maces & Flails | 3 4 5 7 8 9 11 12 13 | 13.9

Action                     |  1- 3 |  4- 6 |  7- 9 | 10-12 | 13-15 || total
---------------------------+-------+-------+-------+-------+-------++-------
  Melee: Flail             |    89 |   203 |   377 |   392 |       ||  1061
         Morningstar       |       |       |       |   306 |  1124 ||  1430
  Throw: Dart              |       |       |       |     4 |     8 ||    12
 Invoke: Potion Petition   |       |       |       |     1 |       ||     1
  Evoke: Wand              |       |       |       |    34 |       ||    34
    Use: Scroll            |       |    10 |    11 |     5 |     5 ||    31
         Potion            |       |       |       |     6 |       ||     6
   Stab: Distracted        |       |       |     1 |     2 |     2 ||     5
         Petrified         |       |       |       |       |    14 ||    14
 Armour: Scale mail        |    35 |       |       |       |       ||    35
         Chain mail        |    11 |   127 |   235 |   488 |   740 ||  1601
         Plate armour      |       |       |    39 |    50 |       ||    89
  Dodge: Dodged            |    55 |    84 |   138 |   256 |   419 ||   952
  Block: Buckler           |    20 |    43 |   134 |   290 |   437 ||   924

Table legend: (Time is in decaauts)
 A = Elapsed time spent in this place.
 B = Non-inter-level travel time spent in this place.
 C = Inter-level travel time spent in this place.
 D = Time resting spent in this place.
 E = Time spent auto-exploring this place.
 F = Levels seen in this place.
 G = Mean time per level.
                   A        B        C        D        E       F      G
               +--------+--------+--------+--------+--------+-----+--------+
         Total |  19400 |  18402 |    998 |   2051 |  11245 |  20 |  970.0 |
       Dungeon |  10687 |   9988 |    699 |    786 |   6715 |  11 |  971.5 |
          Lair |   7554 |   7292 |    262 |   1189 |   4189 |   5 | 1510.8 |
  Orcish Mines |    309 |    274 |     35 |      0 |    194 |   2 |  154.5 |
         Abyss |     22 |     22 |      0 |      0 |      0 |   1 |   22.0 |
        Bailey |    826 |    826 |      0 |     75 |    146 |   1 |  826.0 |
               +--------+--------+--------+--------+--------+-----+--------+

Top non-repeatable levels by time:
  Lair:5: 2873 daAuts
     D:5: 1988 daAuts
  Lair:2: 1374 daAuts
  Lair:4: 1171 daAuts
  Lair:3: 1161 daAuts
     D:4: 1150 daAuts
     D:7: 1038 daAuts
     D:8: 991 daAuts
  Lair:1: 973 daAuts
     D:3: 950 daAuts
    D:11: 906 daAuts
     D:9: 850 daAuts
  Bailey: 826 daAuts
     D:1: 788 daAuts
     D:6: 736 daAuts
